 Dungeon Crawl Stone Soup version 0.24-a0-499-g1074bba3cf (webtiles) character file.

Game seed: 17062270040068349762

65 Inarius the Chucker (level 3, 0/28 HPs)
             Began as a Demonspawn Hunter on July 14, 2019.
             Shot with an arrow by a centaur (1 damage)
             ... on level 2 of the Dungeon.
             The game lasted 00:02:21 (1321 turns).

Inarius the Chucker (Demonspawn Hunter)             Turns: 1321, Time: 00:02:21

Health: 0/28       AC:  8    Str: 13    XL:     3   Next: 94%
Magic:  3/3        EV: 12    Int: 12    God:
Gold:   64         SH:  0    Dex: 13    Spells: 2/2 levels left

rFire    . . .     SeeInvis .   k - +2 dagger (drain)
rCold    . . .     Gourm    .   (no shield)
rNeg     . . .     Faith    .   b - +0 leather armour
rPois    .         Spirit   .   (helmet restricted)
rElec    .         Reflect  .   (no cloak)
rCorr    .         Harm     .   (no gloves)
MR       .....                  (no boots)
Stlth    ++........             (no amulet)
HPRegen  0.09/turn              n - +5 ring of protection
MPRegen  0.08/turn              p - ring of wizardry (curse)

@: no status effects
A: antennae 1, nightstalker 1
a: no special abilities


You were on level 2 of the Dungeon.
You were not hungry.

You visited 1 branch of the dungeon, and saw 2 of its levels.

You collected 64 gold pieces.

Inventory:

Hand Weapons
 e - a +0 hand axe
 k - a +2 dagger of draining (weapon)
Missiles
 c - 6 javelins (quivered)
 d - 2 throwing nets
Armour
 b - a +0 leather armour (worn)
Jewellery
 n - a +5 ring of protection (left hand)
 p - a cursed ring of wizardry (right hand)
 r - a +4 ring of dexterity {unknown}
Scrolls
 i - a scroll of enchant weapon {unknown}
 j - 2 scrolls of fog {unknown}
 l - a scroll of magic mapping {unknown}
Potions
 a - a potion of curing {unknown}
 h - a potion of might {unknown}
 m - a potion of magic {unknown}
 o - a potion of resistance {unknown}
 q - a potion of brilliance {unknown}
Comestibles
 f - 2 rations
 g - 5 chunks of flesh


   Skills:
 + Level 2.8 Fighting
 * Level 1.1 Short Blades
 - Level 0.8 Axes
 - Level 3.6 Throwing
 + Level 1.2 Armour
 + Level 2.3 Dodging
 + Level 1.0 Stealth


You had 2 spell levels left.
You didn't know any spells.
Your spell library was empty.

Dungeon Overview and Level Annotations

Branches:
Dungeon (2/15)

Altars:

Annotations:
D:2 Terence


Innate Abilities, Weirdness & Mutations

You have a pair of small antennae on your head.
You are slightly more attuned to the shadows.


Message History

Put on which piece of jewellery? (? for menu, Esc to quit)
Okay, then.
You barely miss the adder. The adder bites you. x2
You barely miss the adder. The adder closely misses you.
The centaur shouts!
You hit the adder.
The adder is lightly wounded.
The centaur wields a +1 shortbow of velocity.
The centaur shoots an arrow.
The arrow hits you! The adder bites you but does no damage.
You hit the adder. You drain the adder.
You kill the adder!
Your Short Blades skill increases to level 1!
Your Stealth skill increases to level 1!
The centaur shoots an arrow.
The arrow hits you.
You are too injured to fight recklessly!
You are too injured to fight recklessly!
The centaur shoots an arrow.
The arrow hits you!
* * * LOW HITPOINT WARNING * * *
You die...

########### #. #.#
..........# #. #)#
.########.# #.### #.# .# #.#
#...#### #.# .# #.# #......#
#.# .# #.# #...##.###.######
.# #.# #..###........... .#
#.# #..# #####.###### .#
####.# #.@#######.#
.#####....#####.†(.......#
........................##
.#####.#####.##..#.........
......................######
..÷.)..............#..#
.#.###.#####.###.###c.# ##.#
#(# #.# #.# #..# #.# #.# #.#
#.#


You could see a centaur.

Vanquished Creatures
  2 adders (D:2)
  An ooze (D:1)
  2 dart slugs (D:1)
  2 leopard geckos
  2 giant cockroaches
  3 goblins (D:1)
  4 hobgoblins
  2 jackals (D:1)
  5 bats
  7 kobolds
  9 rats
39 creatures vanquished.

Notes
Turn   | Place    | Note
-------+----------+-------------------------------------------
     0 | D:1      | Inarius the Demonspawn Hunter began the quest for the Orb.
     0 | D:1      | Reached XP level 1. HP: 16/16 MP: 1/1
   194 | D:1      | Gained mutation: You have a pair of small antennae on your
                  | head. [demonic ancestry]
   194 | D:1      | Reached XP level 2. HP: 20/23 MP: 2/2
   862 | D:1      | Gained mutation: You are slightly more attuned to the
                  | shadows. [demonic ancestry]
   862 | D:1      | Reached XP level 3. HP: 26/28 MP: 3/3
  1009 | D:2      | Noticed Terence
  1011 | D:2      | Noticed a centaur
  1107 | D:2      | Reached skill level 1 in Armour
  1320 | D:2      | Reached skill level 1 in Short Blades
  1320 | D:2      | Reached skill level 1 in Stealth
  1321 | D:2      | HP: 1/28 [centaur/arrow (9)]
  1321 | D:2      | Shot with an arrow by a centaur

Levels and vault maps discovered:
D:1:      onia_arrival_mini_spirals, layout_loops_ring
D:2:      layout_loops_ring, nicolae_ru_awakened_eye, minmay_misc_feat_hallway,
          uniq_terence, uniq_jessica

Skill      XL: |  1  2  3 |
---------------+----------+-----
Dodging        | 2 |  2.3
Armour         | 1 |  1.2
Short Blades   | 1 |  1.1
Stealth        | 1 |  1.0
Fighting       | |  2.8
Axes           | |  0.8
Throwing       | |  3.6

Action                   || total
-------------------------++-------
Melee: Short sword       ||    28
       Hand axe          ||    31
       Dagger            ||    53
 Stab: Sleeping          ||     3
       Distracted        ||     1
  Eat: Chunk             ||     1
Armor: Leather armour    ||    37
Dodge: Dodged            ||    83

Table legend:
 A = Non-vault XP
 B = Vault XP
 C = Vault XP percentage of total XP
 D = Non-vault monster count
 E = Vault monster count
 F = Vault count percentage of total count
                 A         B        C        D         E       F
            +---------+---------+-------+---------+---------+-------
      Total |      94 |       0 |   0.0 |      39 |       0 |   0.0
            +---------+---------+-------+---------+---------+-------
        D:1 |      49 |       0 |   0.0 |      26 |       0 |   0.0
        D:2 |      45 |       0 |   0.0 |      13 |       0 |   0.0
            +---------+---------+-------+---------+---------+-------
